 Dungeon Crawl Stone Soup version 0.24-a0-630-g0d56a85 (webtiles) character file.

Game seed: 11526056361071283860, levelgen mode: deterministic

60176 BoppinsLewinski the Cleaver (level 14, -3/166 HPs)
             Began as a Demonspawn Gladiator on Sept 19, 2019.
             Was a High Priest of Okawaru.
             Slain by a death yak (8 damage)
             ... on level 11 of the Dungeon.
             The game lasted 01:28:50 (26967 turns).

BoppinsLewinski the Cleaver (Demonspawn Gladiator) Turns: 26967, Time: 01:28:51

Health: -3/166     AC: 27    Str: 20    XL:     14   Next: 55%
Magic:  0/22       EV:  2    Int: 10    God:    Okawaru [*****.]
Gold:   661        SH: 24    Dex: 16    Spells: 13/13 levels left

rFire    . . .     SeeInvis .   q - +1 broad axe (freeze)
rCold    . . .     Gourm    .   i - +7 large shield of the Shining Light {Dex+2}
rNeg     + + +     Faith    .   (armour currently unavailable)
rPois    +         Spirit   +   (helmet currently unavailable)
rElec    .         Reflect  .   (cloak currently unavailable)
rCorr    .         Harm     .   (gloves unavailable)
MR       ++...     NoTele   +   (boots currently unavailable)
Stlth    +.........             o - amulet of rage
HPRegen  0.37/turn              j - ring of poison resistance
MPRegen  0.18/turn              A - ring of protection from magic

@: tree-form, berserk cooldown, slowed, very slow
A: augmentation 1, magic shield, freezing cloud immunity
a: Heroism, Finesse, Renounce Religion, Evoke Berserk Rage


You were on level 11 of the Dungeon.
You worshipped Okawaru.
Okawaru was extremely pleased with you.
You were very hungry.
You were a tree.
You visited 4 branches of the dungeon, and saw 20 of its levels.

You collected 1784 gold pieces.
You spent 1123 gold pieces at shops.

Inventory:

Hand Weapons
 a - a +3 flail of crushing
 q - a +1 broad axe of freezing (weapon)
 J - a +2 war axe
Armour
 g - a scarf of cloud immunity (melded)
 h - the +1 pair of gloves of the Flute {Dex+6}
   (You found it on level 8 of the Dungeon)

   It affects your dexterity (+6).
 i - the +7 large shield of the Shining Light (worn) {Dex+2}
   (You bought it in a shop on level 2 of the Orcish Mines)

   It affects your dexterity (+2).
 l - a +0 plate armour (melded)
 x - the +0 pair of boots "Ostret" (melded) {Int+3}
   (Okawaru gifted it to you on level 5 of the Lair of Beasts)

   It affects your intelligence (+3).
 N - a +3 plate armour of cold resistance
 P - the +0 hat "Hote" (melded) {-Cast rF+ rC+++ Int+2}
   (Okawaru gifted it to you on level 5 of the Lair of Beasts)

   It affects your intelligence (+2).
   It protects you from fire.
   It renders you almost immune to cold.
   It prevents spellcasting.
Jewellery
 j - a ring of poison resistance (left branch)
 o - an amulet of rage (around neck)
 v - an uncursed ring of protection from cold
 A - a ring of protection from magic (right branch)
 M - a +3 ring of dexterity {unknown}
 O - a cursed ring of teleportation {unknown}
 U - an uncursed ring of ice {unknown}
Wands
 t - a wand of disintegration (6)
 y - a wand of iceblast (3)
 z - a wand of random effects (3)
 B - a wand of flame (11)
 D - a wand of enslavement (2)
 F - a wand of polymorph (8)
 G - a wand of paralysis (14)
Scrolls
 c - 3 scrolls of amnesia {unknown}
 d - a scroll of magic mapping
 e - 6 scrolls of teleportation
 k - a scroll of fear
 m - 2 scrolls of immolation
 n - 9 scrolls of remove curse
 p - a scroll of blinking
 w - 3 scrolls of fog
 C - 5 scrolls of enchant armour
 E - a scroll of holy word
 H - 2 scrolls of enchant weapon
 Q - a scroll of random uselessness {unknown}
Potions
 b - 3 potions of lignification
 r - 3 potions of resistance
 s - 8 potions of flight
 K - 2 potions of invisibility {unknown}
 L - a potion of curing
 R - a potion of ambrosia {unknown}
Miscellaneous
 u - a fan of gales
 I - a lightning rod (4/4)
 S - a box of beasts
Comestibles
 f - 22 rations


   Skills:
 + Level 10.6 Fighting
 * Level 12.3(12.8) Axes
   Level 5.6(9.9) Polearms
 - Level 1.7 Throwing
 + Level 9.5 Armour
 - Level 4.6 Dodging
 + Level 9.0 Shields
 + Level 11.0 Invocations
 + Level 8.8 Evocations


You had 13 spell levels left.
You didn't know any spells.
Your spell library contained the following spells:

 Spells                   Type           Power        Failure   Level  Hunger
 Summon Small Mammal      Summ           #...         96%         1    ##.....
 Call Imp                 Summ           #.......     99%         2    ###....
 Call Canine Familiar     Summ           #.......     100%        3    ####...
 Summon Guardian Golem    Hex/Summ       #.......     100%        3    ####...
 Summon Ice Beast         Ice/Summ       #.......     100%        4    #####..
 Summon Lightning Spire   Summ/Air       #.......     100%        4    #####..


Dungeon Overview and Level Annotations

Branches:
Dungeon (11/15)            Temple (1/1) D:7            Lair (6/6) D:10
  Swamp (0/4) Lair:3        Snake (0/4) Lair:2        Slime (0/5) Lair:5
    Orc (2/2) D:10            Elf (0/3) Orc:2

Altars:
Dithmenos
Elyvilon
Fedhas
Makhleb
Okawaru
Ru
Sif Muna
Uskayaw
Vehumet
Zin
Beogh

Shops:
D:6 =   D:8 ?   Orc:1 *   Orc:2 [(([

Annotations:
D:4 2 transporters, titanjones's ghost, amateur FoMo
Lair:1 exclusion: 3 oklob plants
Lair:2 exclusion: oklob plant
Lair:5 1 runed translucent door, Cuzol's ghost, journeyman DsGl
Lair:6 2 runed translucent doors


Innate Abilities, Weirdness & Mutations

((You have claws for hands.))
((You have a pair of horns on your head.))
((You have sharp toenails.))
((Your flesh is cold resistant. (rC+)))
Your magical and physical power is slightly enhanced at high health.
When hurt, damage is shared between your health and your magic reserves.
You are immune to freezing clouds.


Message History

Unknown command.
Evoke which item? (* ta show all) (? fer menu, 'sc ta quit) Aimin': Iceblast
Press: ? - help, Shift-Dir - straight line, f - death yak
Aim: a death yak Tha beam be likely ta hit ye.
Continue anyway?
Tha mass o' ice 'splodes!
Tha iceblast 'ngulfs tha death yak.
Tha death yak be lightly wounded.
Tha iceblast 'ngulfs tha dream sheep!
Tha dream sheep be heavily wounded.
Tha iceblast 'ngulfs tha yak!
Tha yak be moderately wounded.
Tha iceblast 'ngulfs tha yak!!
Tha yak be heavily wounded.
Tha iceblast 'ngulfs ye!
* * * LOW HITPOINT WARNIN'
* * * Ye block tha death yak's attack.
Tha yak snorts an' paws tha ground.
Tha death yak gores ye!
Ye die...

##........######.......#######...
#........# ######### #...
#........# '..+ #... #........#
#..#### #...
#........######..#..#..######...
#.......[........#..#...........
#........######..#..#..######...
#...####.#..YY####..####....#...
#.###..#.#.YpYY♣†'..'..'....#...
#.#....#.#..YY####..####....#...
#.#....#.######..#..#..######...
##.#....#.........#..#...........
...#....#.######..#..#..######...
...#....#.#....####..####.. #.##
##.#....#.#....'.††..'..'.. #.#.
#.#....#†#....####..####.. #.#.
#†#....#.######..#..#..######.#.


You could see a death yak, 4 yaks, a human and 2 dream sheep.

Vanquished Creatures
  2 orc warlords
  2 hydras
  2 two-headed ogres
  3 catoblepae
  12 death yaks
  An unseen horror (D:10)
  3 lindwurms
  2 orc knights
  2 orc sorcerers
  2 cyclopes
  2 ugly things (D:11)
  6 black mambas
  3 molten gargoyles (Lair:6)
  9 spiny frogs
  10 komodo dragons
  2 rime drakes (Lair:5)
  2 trolls
  2 meliai (Lair:5)
  A queen bee (Lair:5)
  10 hippogriffs
  11 blink frogs
  4 dream sheep (D:11)
  2 slime creatures (Lair:5)
  A spriggan (D:8)
  5 wyverns
  51 yaks
  13 basilisks
  Eustachio (D:6)
  2 steam dragons
  3 humans (D:11)
  A hungry ghost (D:8)
  4 wargs
  Edmund (D:6)
  21 water moccasins
  5 porcupines
  4 hell hounds (Lair:6)
  34 orc warriors
  4 ice beasts
  A swamp drake (D:10)
  3 sky beasts
  2 phantoms
  16 wolves
  A centaur (D:9)
  7 ogres
  9 crocodiles
  A big kobold (D:7)
  8 bullfrogs
  A wyvern skeleton (D:11)
  4 scorpions
  38 killer bees
  10 wights
  A howler monkey (D:10)
  5 lava snakes (Lair:6)
  3 crimson imps
  2 bullfrog skeletons (D:5)
  19 orc priests
  5 hounds
  4 jellies
  2 centaur skeletons (D:5)
  An iguana (D:11)
  A worker ant (D:9)
  22 orc wizards
  7 hell rats (Lair:6)
  4 hound zombies
  A hound skeleton (D:9)
  A howler monkey skeleton (D:3)
  2 worker ant zombies
  17 adders
  7 gnolls
  4 shadow imps
  An adder skeleton (D:3)
  An adder zombie (D:3)
  3 worms
  5 dart slugs
  4 leopard geckos
  89 orcs
  2 ball pythons
  4 giant cockroaches
  5 goblins
  4 hobgoblins
  12 jackals
  10 kobolds
  A quokka (D:4)
  14 bats
  8 frilled lizards
  A giant cockroach zombie (D:3)
  A jackal skeleton (D:3)
  2 jackal zombies (D:3)
  2 leopard gecko skeletons (D:3)
  A quokka zombie (D:5)
  8 rats
  6 fungi
  8 plants
646 creatures vanquished.

Vanquished Creatures (collateral kills)
  A meliai (Lair:5)
  An orc warrior (Orc:2)
  An ogre (Orc:2)
  2 orc wizards (Orc:2)
  2 orcs (Orc:2)
7 creatures vanquished.

Vanquished Creatures (others)
  An orc warrior (Orc:2)
  A human (D:11)
  A bush (D:9)
  37 fungi
  41 plants
81 creatures vanquished.

Grand Total: 734 creatures vanquished

Notes
Turn   | Place    | Note
-------+----------+-------------------------------------------
     0 | D:1      | BoppinsLewinski the Demonspawn Gladiator began the quest
                  | for the Orb.
     0 | D:1      | Reached XP level 1. HP: 16/16 MP: 1/1
   340 | D:1      | Gained mutation: You have sharp fingernails. [demonic
                  | ancestry]
   340 | D:1      | Reached XP level 2. HP: 19/22 MP: 2/2
   782 | D:1      | Gained mutation: When hurt, damage is shared between your
                  | health and your magic reserves. [demonic ancestry]
   782 | D:1      | Reached XP level 3. HP: 28/28 MP: 3/3
   911 | D:2      | Reached skill level 1 in Armour
  1153 | D:2      | Reached XP level 4. HP: 34/34 MP: 4/4
  1972 | D:3      | Found a glowing silver altar of Zin.
  1972 | D:3      | Found a white marble altar of Elyvilon.
  1973 | D:3      | Found a radiant altar of Vehumet.
  2116 | D:4      | Gained mutation: You have sharp toenails. [demonic
                  | ancestry]
  2116 | D:4      | Reached XP level 5. HP: 31/40 MP: 3/5
  2194 | D:4      | Noticed an ogre
  2202 | D:4      | Killed an ogre
  2572 | D:4      | Noticed an ogre
  2587 | D:4      | Killed an ogre
  2587 | D:4      | Gained mutation: Your flesh is cold resistant. (rC+)
                  | [demonic ancestry]
  2587 | D:4      | Reached XP level 6. HP: 47/47 MP: 6/6
  2654 | D:4      | Noticed titanjones's ghost (amateur FoMo)
  2655 | D:4      | Found a transporter.
  2663 | D:4      | Found a transporter.
  3210 | D:5      | Entered Level 5 of the Dungeon
  3280 | D:5      | Found a shimmering blue altar of Sif Muna.
  3286 | D:5      | Noticed an ice beast
  3301 | D:5      | Killed an ice beast
  3301 | D:5      | Reached skill level 5 in Polearms
  3301 | D:5      | Reached XP level 7. HP: 48/53 MP: 7/7
  3984 | D:6      | Reached skill level 1 in Axes
  4005 | D:6      | Gained mutation: You are immune to freezing clouds.
                  | [demonic ancestry]
  4005 | D:6      | Reached XP level 8. HP: 34/61 MP: 5/8
  4008 | D:6      | Reached skill level 1 in Shields
  4435 | D:6      | Found Douqijur's Jewellery Shop.
  4454 | D:6      | Reached skill level 2 in Axes
  4739 | D:6      | Noticed Eustachio
  4760 | D:6      | Killed Eustachio
  4875 | D:6      | Reached skill level 5 in Fighting
  4875 | D:6      | Reached skill level 3 in Axes
  5042 | D:6      | Noticed Edmund
  5053 | D:6      | Killed Edmund
  5263 | D:7      | Reached skill level 4 in Axes
  5633 | D:7      | Noticed a hippogriff
  5648 | D:7      | Killed a hippogriff
  5648 | D:7      | Gained mutation: You have a pair of small horns on your
                  | head. [demonic ancestry]
  5648 | D:7      | Reached XP level 9. HP: 48/68 MP: 4/9
  5868 | D:7      | Found a staircase to the Ecumenical Temple.
  5878 | Temple   | Entered the Ecumenical Temple
  5890 | Temple   | Became a worshipper of Warmaster Okawaru
  6398 | D:8      | Found Gypoty's Magic Scroll Boutique.
  6404 | D:8      | Got a pair of distressingly furry gloves
  6506 | D:8      | Reached skill level 5 in Axes
  6577 | D:8      | Reached skill level 5 in Armour
  6622 | D:8      | Reached * piety under Okawaru
  6685 | D:8      | Identified the +1 pair of gloves of the Flute {Dex+6} (You
                  | found it on level 8 of the Dungeon)
  7499 | D:9      | Found a blossoming altar of Fedhas.
  7573 | D:9      | Noticed a two-headed ogre
  7580 | D:9      | Killed a two-headed ogre
  7580 | D:9      | Reached ** piety under Okawaru
  7580 | D:9      | Reached skill level 6 in Axes
  7580 | D:9      | Reached skill level 1 in Evocations
  7747 | D:9      | Gained mutation: You have very sharp fingernails. [demonic
                  | ancestry]
  7747 | D:9      | Reached XP level 10. HP: 59/77 MP: 8/11
  7873 | D:9      | Found a burning altar of Makhleb.
  8110 | D:10     | Entered Level 10 of the Dungeon
  8727 | D:10     | Reached *** piety under Okawaru
  8911 | D:10     | Killed an unseen horror
  8911 | D:10     | Reached skill level 7 in Axes
  9212 | D:10     | Reached skill level 5 in Shields
  9356 | D:10     | Found a staircase to the Orcish Mines.
  9476 | D:10     | Reached **** piety under Okawaru
  9676 | D:10     | Found a staircase to the Lair.
  9858 | Lair:1   | Entered Level 1 of the Lair of Beasts
 10276 | Lair:1   | Noticed a black mamba
 10293 | Lair:1   | Killed a black mamba
 10525 | Lair:1   | Noticed a spiny frog
 10550 | Lair:1   | Killed a spiny frog
 10550 | Lair:1   | Reached skill level 5 in Invocations
 10550 | Lair:1   | Reached XP level 11. HP: 36/84 MP: 3/14
 10589 | Lair:1   | Received a gift from Okawaru
 10589 | Lair:1   | Reached skill level 8 in Axes
 11291 | Lair:1   | Received a gift from Okawaru
 11568 | Lair:1   | Noticed an oklob plant
 11587 | Lair:1   | Noticed an oklob plant
 11587 | Lair:1   | Noticed an oklob plant
 12739 | Lair:2   | Noticed a catoblepas
 12742 | Lair:2   | Received a gift from Okawaru
 12913 | Lair:2   | Killed a catoblepas
 12969 | Lair:2   | Reached ***** piety under Okawaru
 13144 | Lair:2   | Noticed a six-headed hydra
 13154 | Lair:2   | Killed a six-headed hydra
 13154 | Lair:2   | Received a gift from Okawaru
 13154 | Lair:2   | Reached skill level 5 in Evocations
 13333 | Lair:2   | Reached skill level 9 in Axes
 13382 | Lair:2   | Found a staircase to the Snake Pit.
 13700 | Lair:2   | Found a hide-covered altar of Uskayaw.
 13700 | Lair:2   | Noticed an oklob plant
 14008 | Lair:2   | Gained mutation: You have claws for hands. [demonic
                  | ancestry]
 14008 | Lair:2   | Reached XP level 12. HP: 94/94 MP: 17/17
 14706 | Lair:3   | Found a staircase to the Swamp.
 15871 | Lair:4   | You fall into a shaft and drop 2 floors!
 15871 | Lair:6   | Entered Level 6 of the Lair of Beasts
 15998 | Lair:5   | Found a runed translucent door.
 16097 | Lair:5   | Received a gift from Okawaru
 16100 | Lair:5   | Got a heavily runed hat {god gift}
 16101 | Lair:5   | Identified the +0 hat "Hote" {-Cast rF+ rC+++ Int+2}
                  | (Okawaru gifted it to you on level 5 of the Lair of Beasts)
 16597 | Lair:5   | Found a staircase to the Slime Pits.
 16623 | Lair:5   | Reached skill level 10 in Axes
 17468 | Lair:5   | Noticed a death yak
 17487 | Lair:5   | Killed a death yak
 17497 | Lair:5   | Noticed a five-headed hydra
 17506 | Lair:5   | Killed a five-headed hydra
 17544 | Lair:5   | Reached ****** piety under Okawaru
 17636 | Lair:5   | Received a gift from Okawaru
 17636 | Lair:5   | Gained mutation: You have a pair of horns on your head.
                  | [demonic ancestry]
 17636 | Lair:5   | Reached XP level 13. HP: 49/101 MP: 12/19
 18017 | Lair:5   | Received a gift from Okawaru
 18367 | Lair:5   | Noticed Cuzol's ghost (journeyman DsGl)
 18367 | Lair:5   | Identified the +5 spear "Kidwem" {pierce, rC+ MP+9 Int-4}
 19797 | Lair:5   | Reached skill level 11 in Axes
 19965 | Lair:5   | Received a gift from Okawaru
 21603 | Lair:6   | Found a large runed translucent door.
 21604 | Lair:6   | Found a large runed translucent door.
 21922 | Lair:6   | Reached skill level 10 in Fighting
 21942 | Lair:6   | Reached skill level 10 in Invocations
 22257 | Lair:6   | Noticed a fire dragon
 22512 | Orc:1    | Entered Level 1 of the Orcish Mines
 22971 | Orc:1    | Found a roughly hewn altar of Beogh.
 23016 | Orc:1    | Received a gift from Okawaru
 23331 | Orc:1    | Paralysed by an orc sorcerer for 4 turns
 23664 | Orc:1    | Found Jaips's Assorted Antiques.
 23677 | Orc:1    | Noticed an orc warlord
 23775 | Orc:1    | Gained mutation: Your magical and physical power is
                  | slightly enhanced at high health. [demonic ancestry]
 23775 | Orc:1    | Reached XP level 14. HP: 88/110 MP: 17/21
 24060 | Orc:1    | Killed an orc warlord
 24141 | Orc:2    | Entered Level 2 of the Orcish Mines
 24185 | Orc:2    | Found Myreev's Armour Emporium.
 24418 | Orc:2    | Found a staircase to the Elven Halls.
 24431 | Orc:2    | Found a roughly hewn altar of Beogh.
 24447 | Orc:2    | Found Nuth's Distillery.
 25131 | Orc:2    | Found a roughly hewn altar of Beogh.
 25148 | Orc:2    | Found Tocrur's Antique Weapon Shop.
 25192 | Orc:2    | Noticed an orc warlord
 25296 | Orc:2    | Killed an orc warlord
 25296 | Orc:2    | Received a gift from Okawaru
 25320 | Orc:2    | Reached skill level 12 in Axes
 25323 | Orc:2    | Found Juodix's Antique Armour Boutique.
 25324 | Orc:2    | Found a roughly hewn altar of Beogh.
 25326 | Orc:2    | Found Leijim's Antique Weapon Shop.
 25364 | Orc:2    | Bought a dazzling large shield for 304 gold pieces
 25524 | D:8      | Bought a scroll of identify for 22 gold pieces
 25524 | D:8      | Identified the +7 large shield of the Shining Light {Dex+2}
                  | (You bought it in a shop on level 2 of the Orcish Mines)
 25735 | Lair:5   | Got a pair of encrusted boots {god gift}
 25741 | Lair:5   | Identified the +0 pair of boots "Ostret" {Int+3} (Okawaru
                  | gifted it to you on level 5 of the Lair of Beasts)
 25952 | Orc:1    | Bought a scroll of enchant weapon for 217 gold pieces
 25952 | Orc:1    | Bought a box of beasts for 580 gold pieces
 26967 | D:11     | HP: 5/166 [shot self (14)]
 26967 | D:11     | Slain by a death yak

Levels and vault maps discovered:
D:1:      scummos_arrival_hexagon, layout_rooms, st_stairs_12,
          minmay_hexomino_p4
D:2:      layout_loops_ring, minivault_25
D:3:      layout_loops_ring, gammafunk_temple_overflow_forgotten, serial_undead,
          serial_undead_d, serial_undead_c, serial_undead_e, serial_undead_b,
          serial_undead_d, serial_undead_e, serial_undead_d, serial_undead_a,
          serial_undead_c, serial_undead_c
D:4:      layout_loops_corners, first_ration, gammafunk_ghost_smash
D:5:      layout_loops_ring, overflow_temple_1_default,
          minmay_misc_feat_enclosed
D:6:      layout_basic, serial_shops, nicolae_shop_stone, uniq_eustachio,
          uniq_edmund
D:7:      layout_basic, minmay_temple_entry_waves
D:8:      layout_basic, serial_shops, nicolae_shop_trees, the_bakery
D:9:      layout_loops_ring, lemuel_doored_altar, fedhas_bush_and_centaur_altar
D:10:     layout_long_grid, david_lair_shrubbed, erik_orc_1
D:11:     slaughterhouse, layout_irregular_city, minmay_door_square
Temple:   eino_temple_scatter_basement
Lair:1:   layout_cave_shapes, minmay_lair_oklob_chamber, grunt_megastairs_2,
          infiniplex_staircase_pool_2
Lair:2:   layout_roguey, minmay_snake_entry_six_corridors, lemuel_oklob_altar,
          infiniplex_staircase_pool, grunt_megastairs_5
Lair:3:   layout_regular_city, swamp_mist_pool, serial_bayou_shore_b,
          grunt_megastairs_4
Lair:4:   layout_gridlike
Lair:5:   regret_index_wax_grids, layout_cave_shapes,
          minmay_slime_entry_pillars, ebering_ghost_funeral_grove,
          lemuel_fruit_tree
Lair:6:   cheibrodos_lair_end_hotspot, layout_long_grid, serial_bayou_shore_a
Orc:1:    layout_caves, serial_shops, nicolae_shop_stone, mines2_david
Orc:2:    grunt_orc_community_town_hall, layout_caves,
          grunt_orc_community_big_house_2, grunt_orc_community_big_house_2,
          grunt_orc_community_house_1, grunt_orc_community_house_2,
          grunt_orc_community_house_1, grunt_orc_community_house_3,
          serial_shops, shop

Skill      XL: |  1  2  3  4  5  6  7  8  9 10 11 12 13 14 |
---------------+-------------------------------------------+-----
Polearms       | 3 4 5 |  5.6
Armour         | 1 2 3 4 5 6 7 8 9 |  9.5
Dodging        | 3 4 |  4.6
Fighting       | 3 4 5 6 7 8 9 10 | 10.6
Axes           | 1 4 6 7 9 10 11 12 | 12.3
Shields        | 3 4 5 6 7 8 9 |  9.0
Invocations    | 2 5 7 8 10 11 | 11.0
Evocations     | 1 3 5 6 8 |  8.8
Throwing       | |  1.7

Action                   |  1- 3 |  4- 6 |  7- 9 | 10-12 | 13-15 || total
-------------------------+-------+-------+-------+-------+-------++-------
Melee: Trident           |   155 |   211 |    42 |       |       ||   408
       Kick              |       |    24 |   101 |   339 |   183 ||   647
       War axe           |       |       |   297 |   857 |    16 ||  1170
       Headbutt          |       |       |    26 |   199 |   156 ||   381
       Hand axe          |       |       |       |    26 |       ||    26
       Flail             |       |       |       |     8 |       ||     8
       Broad axe         |       |       |       |       |   708 ||   708
Throw: Throwing net      |     1 |     3 |     4 |       |       ||     8
Invok: Heroism           |       |       |       |     8 |     6 ||    14
       Finesse           |       |       |       |       |     1 ||     1
 Abil: Evoke Berserk Rag |       |       |     2 |     3 |     7 ||    12
Evoke: Wand              |       |       |     6 |    27 |    35 ||    68
       Lightning rod     |       |       |       |     3 |     1 ||     4
       Sack of spiders   |       |       |       |     1 |       ||     1
       Fan of gales      |       |       |       |       |     1 ||     1
  Use: Scroll            |       |     1 |    11 |    13 |     4 ||    29
       Potion            |       |     2 |     2 |    12 |     6 ||    22
 Stab: Held in net/web   |       |     1 |       |       |       ||     1
       Distracted        |       |       |       |     1 |       ||     1
       Paralysed         |       |       |       |       |     5 ||     5
       Petrified         |       |       |       |       |     4 ||     4
  Eat: Chunk             |     1 |     7 |     8 |    16 |    22 ||    54
       Ration            |       |       |     3 |     6 |     4 ||    13
Armor: Leather armour    |    29 |       |       |       |       ||    29
       Chain mail        |    49 |    81 |   136 |       |       ||   266
       Plate armour      |       |       |    46 |   383 |   199 ||   628
       Skin              |       |       |       |       |     1 ||     1
Dodge: Dodged            |    98 |    62 |    63 |   136 |    93 ||   452
Block: Large shield      |       |       |   220 |   766 |   588 ||  1574

Table legend:
 A = Non-vault XP
 B = Vault XP
 C = Vault XP percentage of total XP
 D = Non-vault monster count
 E = Vault monster count
 F = Vault count percentage of total count
                 A         B        C        D         E       F
            +---------+---------+-------+---------+---------+-------
      Total |   48631 |   37335 |  43.4 |     396 |     243 |  38.0
            +---------+---------+-------+---------+---------+-------
        D:1 |      38 |       5 |  11.6 |      18 |       4 |  18.2
        D:2 |      83 |       0 |   0.0 |      25 |       0 |   0.0
        D:3 |      23 |      31 |  57.4 |      14 |       9 |  39.1
        D:4 |     393 |       0 |   0.0 |      18 |       0 |   0.0
        D:5 |     630 |       0 |   0.0 |      16 |       0 |   0.0
        D:6 |     664 |     365 |  35.5 |      24 |       2 |   7.7
        D:7 |    1247 |       0 |   0.0 |      15 |       0 |   0.0
        D:8 |     686 |     215 |  23.9 |      16 |       1 |   5.9
        D:9 |    1486 |     112 |   7.0 |      10 |       1 |   9.1
       D:10 |    2853 |     882 |  23.6 |      33 |      18 |  35.3
       D:11 |    2513 |    9540 |  79.2 |      16 |      20 |  55.6
     Lair:1 |    4373 |    1634 |  27.2 |      20 |       7 |  25.9
     Lair:2 |    4995 |    1695 |  25.3 |      19 |      15 |  44.1
     Lair:3 |    1961 |    1532 |  43.9 |       8 |       7 |  46.7
     Lair:4 |    2430 |     129 |   5.0 |      11 |       2 |  15.4
     Lair:5 |    9559 |   10349 |  52.0 |      34 |      55 |  61.8
     Lair:6 |    6556 |    5739 |  46.7 |      36 |      24 |  40.0
      Orc:1 |    6528 |     149 |   2.2 |      43 |       5 |  10.4
      Orc:2 |    1613 |    4958 |  75.5 |      20 |      73 |  78.5
            +---------+---------+-------+---------+---------+-------
